 Dungeon Crawl Stone Soup version 0.20-a0-1117-g62da73f (webtiles) character file.

193 MatthieuS the Spear-Bearer (level 5, 0/38 HPs)
             Began as a Merfolk Gladiator on May 9, 2017.
             Was an Initiate of Makhleb.
             Slain by Natasha (3 damage)
             ... on level 2 of the Dungeon.
             The game lasted 00:05:21 (2174 turns).

MatthieuS the Spear-Bearer (Merfolk Gladiator)      Turns: 2174, Time: 00:05:22

Health: 0/38       AC:  4    Str: 15    XL:     5   Next: 72%
Magic:  5/5        EV: 14    Int:  7    God:    Makhleb [......]
Gold:   107        SH:  0    Dex: 16    Spells: 4/4 levels left

rFire    . . .     SeeInvis .   a - +0 trident
rCold    . . .     Gourm    +   (no shield)
rNeg     . . .     Faith    .   b - +0 leather armour
rPois    .         Spirit   .   c - +0 helmet
rElec    .         Reflect  .   (no cloak)
rCorr    .         Harm     .   (no gloves)
MR       .....                  (no boots)
Stlth    +.........             p - amulet of the gourmand
Regen    0.2/turn               (no ring)
MPRegen  0.1/turn               (no ring)

@: no status effects
A: change form in water, swift swim, stealthy swim
a: Renounce Religion


You were on level 2 of the Dungeon.
You worshipped Makhleb.
Makhleb was noncommittal.
You were not hungry.

You visited 1 branch of the dungeon, and saw 2 of its levels.

You collected 107 gold pieces.

Inventory:

Hand Weapons
 a - a +0 trident (weapon)
Missiles
 d - 3 throwing nets (quivered)
Armour
 b - a +0 leather armour (worn)
 c - a +0 helmet (worn)
Jewellery
 p - an amulet of the gourmand (around neck)
Scrolls
 g - a scroll of enchant armour {unknown}
 h - a scroll of teleportation {unknown}
 i - a scroll of amnesia {unknown}
 k - 2 scrolls of remove curse {unknown}
 m - a scroll of immolation {unknown}
Potions
 e - a potion of lignification {unknown}
 l - 2 potions of curing {unknown}
 o - a potion of mutation {unknown}
 r - a potion of berserk rage
Comestibles
 f - 2 bread rations
 j - a royal jelly
 n - a meat ration


   Skills:
 - Level 2.1 Fighting
 + Level 9.0 Polearms
 - Level 2.0 Throwing
 - Level 4.0 Dodging


You had 4 spell levels left.
You didn't know any spells.

Dungeon Overview and Level Annotations

Branches:
Dungeon (2/15)

Altars:
Makhleb

Annotations:
D:2 Natasha


Message History

You hear some strange, mumbled words.
A magic dart appears from out of thin air!
The magic dart hits you!
You hear some strange, mumbled words.
A magic dart appears from out of thin air!
The magic dart hits you!
The crimson imp blinks!
A magic dart appears from out of thin air!
The magic dart hits you!
There is an open door here.
You miss something. Something claws you!
* * * LOW HITPOINT WARNING * * *
You puncture something!
The crimson imp blinks!
You hear some strange, mumbled words.
A magic dart appears from out of thin air!
The magic dart hits you!
* * * LOW HITPOINT WARNING * * *
You closely miss something. Something claws you but does no damage.
You barely miss something. Something claws you.
You die...

#..##.##..# ##.##
#.........# #.# #
#.#####.#.# #.# ## #.
#.#># ##'## #.
#.#####.#.# ##...## #.
#.........# ##.....## #.
#######..## ##.......##
##.
##...####.........####..
#...55{@'.........'.....
##..ยง####.........####..
#..## ##.......## ##.
#.## ##.....## #.. #.#
##...## #.. ###.######
##'## #.. #........#
#.#########. #.######.#
#.......# ## #.# #.#
##..####.#


You could see a crimson imp and a white imp.

Vanquished Creatures
  A hound (D:2)
  Natasha (twice) (D:2)
  Terence (D:2)
  3 adders (D:2)
  An ooze (D:1)
  3 dart slugs
  A ball python (D:2)
  4 giant cockroaches
  7 goblins
  5 hobgoblins
  5 jackals
  5 kobolds
  A quokka (D:2)
  10 bats
  5 frilled lizards
  4 rats
58 creatures vanquished.

Notes
Turn   | Place    | Note
-------+----------+-------------------------------------------
     0 | D:1      | MatthieuS the Merfolk Gladiator began the quest for the Orb.
     0 | D:1      | Reached XP level 1. HP: 16/16 MP: 1/1
   110 | D:1      | Reached skill level 5 in Polearms
   118 | D:1      | Reached XP level 2. HP: 20/22 MP: 2/2
   207 | D:1      | Reached XP level 3. HP: 16/27 MP: 3/3
   210 | D:1      | Reached skill level 6 in Polearms
   946 | D:2      | Noticed Terence
   950 | D:2      | Killed Terence
   950 | D:2      | Reached skill level 7 in Polearms
   950 | D:2      | Reached XP level 4. HP: 33/33 MP: 4/4
  1112 | D:2      | Noticed Natasha
  1149 | D:2      | Killed Natasha
  1563 | D:2      | Reached skill level 8 in Polearms
  1563 | D:2      | Reached XP level 5. HP: 13/38 MP: 5/5
  1736 | D:2      | Noticed Natasha
  1751 | D:2      | Killed Natasha
  1971 | D:2      | Found a burning altar of Makhleb.
  1983 | D:2      | Became a worshipper of Makhleb the Destroyer
  2076 | D:2      | Reached skill level 9 in Polearms
  2155 | D:2      | Noticed Natasha
  2174 | D:2      | Slain by Natasha

Vault maps used:
D:1:      mainiacjoe_arrival_reflecting_pool
D:2:      makhleb_blood_cavern_becter, first_bread, uniq_natasha, uniq_terence

Skill      XL: |  1  2  3  4  5 |
---------------+----------------+-----
Polearms       | 5 7 8 9 |  9.0
Fighting       | |  2.1
Throwing       | |  2.0
Dodging        | |  4.0

Action                   |  1- 3 |  4- 6 || total
-------------------------+-------+-------++-------
Melee: Trident           |   109 |   104 ||   213
  Use: Potion            |     1 |       ||     1
  Eat: Chunk             |       |    10 ||    10
Armor: Leather armour    |    26 |    11 ||    37
Dodge: Dodged            |    73 |    45 ||   118
